 Dungeon Crawl Stone Soup version 0.27-a0-1136-g0b992a5a9d (webtiles) character file.

Game seed: 17299951977045454236

519 reriks the Magician (level 7, -2/36 HPs)
             Began as a Deep Elf Ice Elementalist on May 5, 2021.
             Slain by a killer bee zombie (7 damage)
             ... on level 4 of the Dungeon.
             The game lasted 00:12:45 (7578 turns).

reriks the Magician (Deep Elf Ice Elementalist)     Turns: 7578, Time: 00:12:47

Health: -2/36      AC:  3    Str:  5    XL:     7   Next: 1%
Magic:  19/19      EV: 12    Int: 22    God:
Gold:   107        SH:  0    Dex: 15    Spells: 8/19 levels left

rFire    + . .     SeeInvis .   i - +3 dagger (venom)
rCold    + . .     Faith    .   (no shield)
rNeg     . . .     Spirit   .   a - +0 robe
rPois    +         Reflect  .   (no helmet)
rElec    +         Harm     .   (no cloak)
rCorr    +         Rampage  .   (no gloves)
Will     .....                  b - +0 pair of boots
Stlth    +.........             (no amulet)
HPRegen  0.12/turn              (no ring)
MPRegen  0.16/turn              (no ring)

@: confused, resistant, ambrosia-drunk, very slightly contaminated, hasted,
invisible, very quick
A: no striking features
a: no special abilities


You were on level 4 of the Dungeon.
You visited 1 branch of the dungeon, and saw 4 of its levels.

You collected 107 gold pieces.

Inventory:

Hand Weapons
 d - a +0 club
 i - a +3 dagger of venom (weapon)
Missiles
 l - 18 stones (quivered)
Armour
 a - a +0 robe (worn)
 b - a +0 pair of boots (worn)
 k - a +0 leather armour of fire resistance
Wands
 g - a wand of flame (18)
Potions
 e - a potion of degeneration
 m - a potion of lignification {unknown}


   Skills:
 - Level 2.4 Dodging
 - Level 2.4 Stealth
 + Level 6.8 Spellcasting
 + Level 3.2 Conjurations
 + Level 6.8 Ice Magic


You had 8 spell levels left.
You knew the following spells:

 Your Spells              Type           Power      Damage    Failure   Level
a - Freeze                Ice            100%       1d11      1%          1
b - Frozen Ramparts       Ice            74%        1d9       1%          3
c - Ozocubu's Armour      Ice            37%        N/A       1%          3
d - Hailstorm             Conj/Ice       29%        3d8       11%         4

Your spell library contained the following spells:

 Spells                   Type           Power      Damage    Failure   Level
 Metabolic Englaciation   Hex/Ice        11%        N/A       50%         5


Dungeon Overview and Level Annotations

Branches:
Dungeon (4/15)
 Temple: D:4-7

Altars:


Message History

The killer bee zombie is moderately damaged.
The killer bee zombie barely misses you.
You hit the killer bee zombie.
The killer bee zombie is heavily damaged.
The killer bee zombie misses you. The killer bee zombie hits you.
You closely miss the killer bee zombie.
The killer bee zombie is heavily damaged.
The killer bee zombie hits you. The killer bee zombie hits you!
* * * LOW HITPOINT WARNING * * *
You hit the killer bee zombie.
The killer bee zombie is heavily damaged.
The killer bee zombie barely misses you. x2
It was a potion of haste.
You feel yourself speed up.
The killer bee zombie barely misses you.
The killer bee zombie hits you.
* * * LOW HITPOINT WARNING * * *
Okay, then.
You aren't carrying any scrolls.
It was a potion of invisibility.
You fade into invisibility!
The killer bee zombie barely misses you.
You are very lightly contaminated with residual magic.
Okay, then.
You hear the rapid rusting of a distant drain.
The killer bee zombie closely misses you.
Casting: Freeze (safe; 1% risk of failure)
Confirm with . or Enter, or press ? or * to list all spells.
Okay, then.
It was a potion of resistance.
You feel protected.
The killer bee zombie hits you but does no damage.
You are confused.
You feel invigorated.
The killer bee zombie barely misses you.
You bump into the rock wall.
The killer bee zombie closely misses you.
You bump into the rock wall.
The killer bee zombie hits you.
* * * LOW HITPOINT WARNING * * *
The killer bee zombie hits you!
You die...

#..........# .#...#.
###.##.###.# # #####......g
#...>....# #.#.......#
####.##### #.#.#####.# #.#
#.....# # ###.# ###.#.# ##
##.#.# ##.#.#
.####....##########....###.
.'..............@Z..........
.####.....#########...####..
## ##....# #..## # ####.#
#.## ##### #.# #.# #...# #.#
#.# #...# #.# #.#
#...#####)# #.# .......##.#


You could see a killer bee zombie.

Vanquished Creatures
  Sigmund (D:2)
  A bullfrog (D:2)
  A scorpion (D:4)
  An orc priest (D:4)
  An orc wizard (D:3)
  7 gnolls
  4 adders
  A dart slug (D:1)
  11 orcs
  3 ball pythons
  5 endoplasms
  4 giant cockroaches
  9 goblins
  2 hobgoblins (D:1)
  4 jackals
  2 kobolds
  A quokka (D:1)
  2 bats
  3 frilled lizards
  4 rats
67 creatures vanquished.

Vanquished Creatures (others)
  29 plants (D:3)
29 creatures vanquished.

Grand Total: 96 creatures vanquished

Notes
Turn   | Place    | Note
-------+----------+-------------------------------------------
     0 | D:1      | reriks the Deep Elf Ice Elementalist began the quest for
                  | the Orb.
     0 | D:1      | Reached XP level 1. HP: 10/10 MP: 6/6
  1453 | D:1      | Reached XP level 2. HP: 15/15 MP: 5/8
  2665 | D:2      | Noticed a bullfrog
  3075 | D:3      | Reached XP level 3. HP: 19/19 MP: 7/10
  3079 | D:3      | Learned a level 3 spell: Frozen Ramparts
  3083 | D:3      | Learned a level 3 spell: Ozocubu's Armour
  3182 | D:3      | Reached skill level 5 in Ice Magic
  4291 | D:2      | Killed a bullfrog
  4292 | D:2      | Reached skill level 5 in Spellcasting
  4292 | D:2      | Reached XP level 4. HP: 8/24 MP: 5/13
  4532 | D:1      | Learned a level 4 spell: Hailstorm
  4784 | D:2      | Found a faded altar of an unknown god.
  4836 | D:3      | Reached XP level 5. HP: 28/28 MP: 10/14
  5726 | D:2      | Reached skill level 1 in Conjurations
  5814 | D:2      | Noticed Sigmund
  5832 | D:2      | Killed Sigmund
  5833 | D:2      | Reached XP level 6. HP: 27/32 MP: 11/17
  7465 | D:4      | Reached XP level 7. HP: 36/36 MP: 12/19
  7578 | D:4      | Slain by a killer bee zombie

Illustrated notes

Levels and vault maps discovered:
D:1:      heliophobic_arrival_battle_scene, layout_basic, due_unseen_surprise
D:2:      layout_rooms, chequers_ecumenical_altar_island, uniq_sigmund
D:3:      layout_rooms, minmay_misc_feat_x, serial_bayou_lake_a
D:4:      layout_loops_corners, cheibrodos_sewer_entry_drain

Skill      XL: |  1  2  3  4  5  6 |
---------------+-------------------+-----
Spellcasting   | 4 5 6 |  6.8
Ice Magic      | 5 6 |  6.8
Conjurations   | 2 3 |  3.2
Dodging        | |  2.4
Stealth        | |  2.4

Action                   |  1- 3 |  4- 6 |  7- 9 || total
-------------------------+-------+-------+-------++-------
Melee: Dagger            |    11 |     9 |     4 ||    24
Throw: Stone             |       |     1 |       ||     1
 Cast: Freeze            |    32 |    19 |     3 ||    54
       Frozen Ramparts   |     8 |    19 |       ||    27
       Ozocubu's Armour  |     1 |    14 |       ||    15
  Use: Scroll            |       |     7 |       ||     7
       Potion            |       |       |     4 ||     4
 Stab: Sleeping          |     1 |       |       ||     1
Armor: Robe              |     1 |     8 |     1 ||    10
Dodge: Dodged            |    13 |    19 |    12 ||    44

Table legend: (Time is in decaauts)
 A = Elapsed time spent in this place.
 B = Non-inter-level travel time spent in this place.
 C = Inter-level travel time spent in this place.
 D = Time resting spent in this place.
 E = Time spent auto-exploring this place.
 F = Levels seen in this place.
 G = Mean time per level.
                   A        B        C        D        E       F      G
               +--------+--------+--------+--------+--------+-----+--------+
         Total |   7615 |   7307 |    308 |   4510 |   1833 |   4 | 1903.8 |
       Dungeon |   7615 |   7307 |    308 |   4510 |   1833 |   4 | 1903.8 |
               +--------+--------+--------+--------+--------+-----+--------+

Top non-repeatable levels by time:
     D:1: 3052 daAuts
     D:3: 2150 daAuts
     D:2: 1747 daAuts
     D:4: 665 daAuts
